 Dungeon Crawl Stone Soup version 0.31-a0-1570-g93c622d222 (webtiles) character file.

Game seed: 12039720695414561542

3843 graki42 the Destroyer (level 10, -15/74 HPs)
             Began as a Gnoll Conjurer on Jan 3, 2024.
             Was a Follower of Sif Muna.
             Killed by the air
             ... invoked by Gastronok
              (36 damage)
             ... on level 8 of the Dungeon.
             The game lasted 00:21:32 (8285 turns).

graki42 the Destroyer (Gnoll Conjurer)              Turns: 8285, Time: 00:21:32

Health: -15/74     AC:  4    Str:  6    XL:     10   Next: 18%
Magic:  11/21      EV: 14    Int: 23    God:    Sif Muna [*.....]
Gold:   439        SH:  0    Dex: 10    Spells: 12/23 levels left

rFire   + . .        e - staff of conjuration
rCold   . . .        (no shield)
rNeg    . . .        d - +2 robe {rF+}
rPois   .            (no helmet)
rElec   .            (no cloak)
rCorr   .            (no gloves)
SInv    .            (no boots)
Will    .....        (no amulet)
Stlth   +++          (no ring)
HPRegen 0.32/turn    (no ring)
MPRegen 0.17/turn

%: no passive effects
@: channelling, studying Throwing
A: fangs 1, strong nose, distributed training
a: Renounce Religion, Channel Magic


You were on level 8 of the Dungeon.
You worshipped Sif Muna.
Sif Muna was aware of your devotion.
You visited 2 branches of the dungeon, and saw 9 of its levels.

You collected 439 gold pieces.

Inventory:

Hand Weapons
 s - a +2 dagger of venom
Armour
 d - a +2 robe of fire resistance (worn)
 w - an orb of energy
Magical Staves
 e - a staff of conjuration (weapon)
 q - a staff of fire
Jewellery
 p - an amulet of guardian spirit
 E - a ring of protection from cold
Scrolls
 c - 3 scrolls of amnesia {unknown}
 g - 3 scrolls of blinking {unknown}
 h - 3 scrolls of revelation {unknown}
 i - a scroll of fog {unknown}
 l - 4 scrolls of identify {unknown}
 m - a scroll of acquirement {unknown}
 n - 2 scrolls of enchant armour {unknown}
 o - a scroll of enchant weapon {unknown}
 r - a scroll of vulnerability {unknown}
 t - a scroll of fear {unknown}
 v - 2 scrolls of teleportation {unknown}
 y - 2 scrolls of immolation {unknown}
 B - a scroll of summoning {unknown}
 C - a scroll of noise {unknown}
Potions
 a - 2 potions of enlightenment {unknown}
 b - a potion of magic
 f - a potion of cancellation {unknown}
 j - 2 potions of degeneration {unknown}
 k - 4 potions of curing {unknown}
 u - a potion of brilliance {unknown}
 x - 3 potions of might {unknown}
 z - a potion of invisibility {unknown}
 A - a potion of berserk rage {unknown}
 D - a potion of resistance {unknown}


   Skills:
 + Level 5.2 Fighting
 + Level 5.2 Short Blades
 + Level 5.2 Long Blades
 + Level 5.2 Axes
 + Level 5.2 Maces & Flails
 + Level 5.2 Polearms
 + Level 5.2 Staves
 + Level 5.2 Ranged Weapons
 + Level 5.4 Throwing
 + Level 5.2 Armour
 + Level 7.0 Dodging
 + Level 6.7 Stealth
 + Level 5.2 Shields
 + Level 5.2 Unarmed Combat
 + Level 7.3 Spellcasting
 + Level 8.4 Conjurations
 + Level 4.3 Hexes
 + Level 4.3 Summonings
 + Level 4.3 Necromancy
 + Level 4.3 Translocations
 + Level 4.3 Fire Magic
 + Level 4.3 Ice Magic
 + Level 4.3 Air Magic
 + Level 4.3 Earth Magic
 + Level 4.3 Alchemy
 + Level 5.7 Invocations
 + Level 5.2 Evocations
 + Level 4.7 Shapeshifting


You had 12 spell levels left.
You knew the following spells:

 Your Spells              Type           Power      Damage    Failure   Level
a - Magic Dart            Conj           100%       1d8       1%          1
b - Searing Ray           Conj           100%       2d8       1%          2
c - Fulminant Prism       Conj/Alch      27%        3d14      5%          4
d - Iskenderun's Mystic   Conj/Tloc      54%        2d12      5%          4

Your spell library contained the following spells:

 Spells                   Type           Power      Damage    Failure   Level
 Call Imp                 Summ           56%        N/A       1%          2
 Sublimation of Blood     Necr           28%        N/A       1%          2
 Malign Gateway           Summ/Tloc      14%        N/A       100%        7
 Summon Hydra             Summ           14%        N/A       100%        7
 Summon Horrible Things   Summ           14%        N/A       100%        8


Dungeon Overview and Level Annotations

Branches:
Dungeon (8/15)             Temple (1/1) D:7
   Lair: D:8-11

Altars:
Ashenzari
Cheibriados
Dithmenos
Elyvilon
Fedhas
Gozag
Hepliaklqana
Kikubaaqudgha
Makhleb
Nemelex Xobeh
Okawaru
Qazlal
Ru
Sif Muna
Trog
Uskayaw
Vehumet
Wu Jian
Xom
Yredelemnul
Zin
The Shining One

Annotations:
D:8 Gastronok


Innate Abilities, Weirdness & Mutations

You have very sharp teeth.
Your uncanny sense of smell can sniff out nearby items.
Your experience applies equally to all skills.


Message History

A fulminant prism comes into view.
Casting: Fulminant Prism (dangerous; 5% risk of failure)
Confirm with . or Enter, or press ? or * to list all spells.
You feel a surge of power!
You erupt in a blast of force!
The mystic blast hits Gastronok!
Gastronok is heavily wounded.
Gastronok is knocked back by the mystic blast.
Gastronok collides with your fulminant prism!
Your fulminant prism is moderately damaged.
Gastronok is heavily wounded.
Your fulminant prism crackles loudly.
Your fulminant prism explodes!
The blast of energy engulfs Gastronok!!!
Gastronok is severely wounded.
Unknown command.
Gastronok waves his eye-stalks in wide circles.
The air twists around and strikes you!!
* * * LOW HITPOINT WARNING * * *
Casting: Iskenderun's Mystic Blast (dangerous; 5% risk of failure)
Confirm with . or Enter, or press ? or * to list all spells.
You feel a surge of power!
You erupt in a blast of force!
The mystic blast hits Gastronok!
Gastronok is almost dead.
Gastronok is knocked back by the mystic blast.
Unknown command.
Casting: Iskenderun's Mystic Blast (dangerous; 5% risk of failure)
Confirm with . or Enter, or press ? or * to list all spells.
Aiming: Searing Ray (safe; 1% risk of failure)
Press: ? - help, Shift-Dir - straight line, f - Gastronok
Aim: Gastronok, wearing a +1 hat (almost dead, 100% to hit)
You feel a surge of power!
The searing ray hits Gastronok!
Gastronok is almost dead. (Press . to maintain the ray.) Unknown command.
The searing ray hits Gastronok!
Gastronok is almost dead.
Gastronok waves his eye-stalks in wide circles.
The air twists around and strikes you!!!
You die...
Gastronok gurgles, "Let's see if you taste as good as that wizard did."

......# ...##
#........#....# #. .
#.............###. #.
#.(...........#...####.
###................#..#.
#...w...................
..............#.........
..............#....<....
##..@..#...#.........
#.†.#..#............<
#.....##.......#.#####..
##.†#. ####...## # #....
... # ####...######....
.. #.........#...... #
...#.............. ...
##....>........ ..
#.............


You could see Gastronok.

Vanquished Creatures
  The ghost of bmj180 the Conjurer, a novice HuCj of Sif Muna (D:6)
  Prince Ribbit (D:5)
  Sigmund (D:4)
  A steam dragon (D:7)
  A vampire mosquito (D:7)
  Edmund (D:5)
  Duvessa (D:5)
  3 sky beasts (D:7)
  2 ogres (D:6)
  3 centaurs
  3 bullfrogs
  A gnoll sergeant (D:7)
  2 jellies
  8 scorpions
  Dowan (D:5)
  6 killer bees (D:8)
  A howler monkey (D:7)
  5 orc priests
  2 bombardier beetles
  A bullfrog zombie (D:6)
  A centaur zombie (D:6)
  3 hounds
  2 sleepcaps
  An iguana (D:4)
  3 orc wizards
  Robin (D:4)
  8 adders
  5 gnolls (D:7)
  A shadow imp (D:7)
  An ufetubus (D:7)
  4 dart slugs
  2 ribbon worms
  19 orcs
  7 endoplasms
  5 giant cockroaches
  7 hobgoblins
  7 jackals
  10 kobolds
  3 quokkas
  7 bats
  2 frilled lizards
  15 goblins
  2 rats (D:1)
161 creatures vanquished.

Vanquished Creatures (others)
  8 fulminant prisms
8 creatures vanquished.

Grand Total: 169 creatures vanquished

Notes
Turn   | Place    | Note
-------+----------+-------------------------------------------
     0 | D:1      | graki42 the Gnoll Conjurer began the quest for the Orb.
     0 | D:1      | Reached XP level 1. HP: 13/13 MP: 6/6
   106 | D:1      | Reached XP level 2. HP: 19/19 MP: 4/7
   109 | D:1      | Learned a level 2 spell: Searing Ray
   133 | D:1      | Found a faded altar of an unknown god.
   661 | D:1      | Reached skill level 5 in Spellcasting
   661 | D:1      | Reached XP level 3. HP: 25/25 MP: 3/9
  1084 | D:2      | Reached skill level 1 in Invocations
  1108 | D:2      | Found a shimmering altar of Xom.
  1391 | D:2      | Reached skill level 1 in Fighting
  1391 | D:2      | Reached skill level 1 in Short Blades
  1391 | D:2      | Reached skill level 1 in Long Blades
  1391 | D:2      | Reached skill level 1 in Axes
  1391 | D:2      | Reached skill level 1 in Maces & Flails
  1391 | D:2      | Reached skill level 1 in Polearms
  1391 | D:2      | Reached skill level 1 in Staves
  1391 | D:2      | Reached skill level 1 in Ranged Weapons
  1391 | D:2      | Reached skill level 1 in Throwing
  1391 | D:2      | Reached skill level 1 in Armour
  1391 | D:2      | Reached skill level 1 in Shields
  1391 | D:2      | Reached skill level 1 in Unarmed Combat
  1391 | D:2      | Reached skill level 1 in Evocations
  1685 | D:3      | Found an opulent altar of Gozag.
  1937 | D:3      | Reached skill level 1 in Shapeshifting
  1937 | D:3      | Reached XP level 4. HP: 32/32 MP: 4/11
  2903 | D:4      | Noticed Robin
  2906 | D:4      | Reached skill level 1 in Hexes
  2906 | D:4      | Reached skill level 1 in Summonings
  2906 | D:4      | Reached skill level 1 in Necromancy
  2906 | D:4      | Reached skill level 1 in Translocations
  2906 | D:4      | Reached skill level 1 in Fire Magic
  2906 | D:4      | Reached skill level 1 in Ice Magic
  2906 | D:4      | Reached skill level 1 in Air Magic
  2906 | D:4      | Reached skill level 1 in Earth Magic
  2906 | D:4      | Reached skill level 1 in Alchemy
  2909 | D:4      | Killed Robin
  3065 | D:4      | Reached XP level 5. HP: 34/37 MP: 6/12
  3075 | D:4      | Learned a level 4 spell: Fulminant Prism
  3080 | D:4      | Learned a level 4 spell: Iskenderun's Mystic Blast
  3204 | D:4      | Noticed Sigmund
  3211 | D:4      | Killed Sigmund
  3212 | D:4      | Reached skill level 5 in Dodging
  3212 | D:4      | Reached XP level 6. HP: 43/44 MP: 5/14
  3484 | D:4      | Reached XP level 7. HP: 50/50 MP: 10/15
  3836 | D:4      | Found a glowing golden altar of the Shining One.
  3867 | D:4      | Found a snail-covered altar of Cheibriados.
  4129 | D:4      | Reached skill level 5 in Stealth
  4661 | D:4      | Reached XP level 8. HP: 58/58 MP: 11/16
  4797 | D:5      | Entered Level 5 of the Dungeon
  4797 | D:5      | Noticed Edmund
  4814 | D:5      | Killed Edmund
  5135 | D:5      | Noticed Dowan
  5156 | D:5      | Noticed Duvessa
  5191 | D:5      | Killed Duvessa
  5211 | D:5      | Killed Dowan
  5436 | D:5      | Noticed Prince Ribbit
  5450 | D:5      | Killed Prince Ribbit
  6185 | D:6      | Reached XP level 9. HP: 59/65 MP: 9/18
  6299 | D:6      | Found a shimmering altar of Xom.
  6301 | D:6      | Found an ornate altar of the Wu Jian Council.
  6302 | D:6      | Found a white marble altar of Elyvilon.
  6302 | D:6      | Found a burning altar of Makhleb.
  6302 | D:6      | Found a sacrificial altar of Ru.
  6661 | D:6      | Reached skill level 8 in Conjurations
  6894 | D:6      | Found a runed translucent gate.
  6894 | D:6      | Found a runed translucent gate.
  6894 | D:6      | Found a runed translucent gate.
  6894 | D:6      | Noticed bmj180's ghost (novice HuCj)
  6896 | D:6      | Found a basalt altar of Yredelemnul.
  6939 | D:6      | Killed bmj180's ghost
  7158 | D:6      | Reached skill level 5 in Invocations
  7592 | D:7      | Found a staircase to the Ecumenical Temple.
  7603 | Temple   | Entered the Ecumenical Temple
  7618 | Temple   | Became a worshipper of Sif Muna the Loreminder
  7758 | D:7      | Reached skill level 5 in Fighting
  7758 | D:7      | Reached skill level 5 in Short Blades
  7758 | D:7      | Reached skill level 5 in Long Blades
  7758 | D:7      | Reached skill level 5 in Axes
  7758 | D:7      | Reached skill level 5 in Maces & Flails
  7758 | D:7      | Reached skill level 5 in Polearms
  7758 | D:7      | Reached skill level 5 in Staves
  7758 | D:7      | Reached skill level 5 in Ranged Weapons
  7758 | D:7      | Reached skill level 5 in Throwing
  7758 | D:7      | Reached skill level 5 in Armour
  7758 | D:7      | Reached skill level 5 in Shields
  7758 | D:7      | Reached skill level 5 in Unarmed Combat
  7758 | D:7      | Reached skill level 5 in Evocations
  7758 | D:7      | Reached XP level 10. HP: 66/74 MP: 8/20
  8257 | D:8      | Reached * piety under Sif Muna
  8273 | D:8      | Noticed Gastronok
  8285 | D:8      | Killed from afar by Gastronok

Illustrated notes

Levels and vault maps discovered:
D:1:      beargit_arrival_greenhouse, layout_basic,
          hellmonk_ecumenical_altar_lost_god, serial_bayou_pond_c
D:2:      layout_rooms, basic_altar, minivault_19, solitary_fountain,
          nicolae_titane
D:3:      layout_basic, nicolae_gozag_seed_capital, serial_co_window_serial,
          co_window_of_opportunity_a, co_window_paths_b, co_window_cross_1,
          co_window_of_opportunity_a, co_window_corner_a, co_window_paths_a,
          co_window_corner_a, co_window_paths_b, co_window_paths_b,
          co_window_broadway_a, co_window_of_opportunity_b,
          co_window_of_opportunity_c, co_window_corner_b, co_window_sun,
          glass_columns_c, glass_columns_a, glass_columns_b
D:4:      old_forge, layout_basic, mainiacjoe_overflow_catch_the_wave,
          uniq_robin, uniq_sigmund
D:5:      layout_cave_pools, chequers_serial_rivers_micro_d, uniq_edmund,
          uniq_duvessa, uniq_prince_ribbit1
D:6:      layout_basic, nicolae_yredelemnul_ghost_church,
          grunt_temple_overflow_open
D:7:      layout_rooms, minmay_temple_entry_junction, minmay_manual_macuahuitl
D:8:      layout_cave_pools, serial_glass, glass_columns_a, glass_columns_c,
          uniq_gastronok
Temple:   nicolae_temple_figure_eight

Skill      XL: |  1  2  3  4  5  6  7  8  9 10 |
---------------+-------------------------------+-----
Spellcasting   | 5 6 7 |  7.3
Invocations    | 1 2 3 4 5 |  5.7
Fighting       | 1 2 3 5 |  5.2
Short Blades   | 1 2 3 5 |  5.2
Long Blades    | 1 2 3 5 |  5.2
Axes           | 1 2 3 5 |  5.2
Maces & Flails | 1 2 3 5 |  5.2
Polearms       | 1 2 3 5 |  5.2
Staves         | 1 2 3 5 |  5.2
Ranged Weapons | 1 2 3 5 |  5.2
Throwing       | 1 2 3 5 |  5.4
Armour         | 1 2 3 5 |  5.2
Shields        | 1 2 3 5 |  5.2
Unarmed Combat | 1 2 3 5 |  5.2
Evocations     | 1 2 3 5 |  5.2
Shapeshifting  | 1 2 3 4 |  4.7
Hexes          | 1 2 3 4 |  4.3
Summonings     | 1 2 3 4 |  4.3
Necromancy     | 1 2 3 4 |  4.3
Translocations | 1 2 3 4 |  4.3
Fire Magic     | 1 2 3 4 |  4.3
Ice Magic      | 1 2 3 4 |  4.3
Air Magic      | 1 2 3 4 |  4.3
Earth Magic    | 1 2 3 4 |  4.3
Alchemy        | 1 2 3 4 |  4.3
Dodging        | 5 6 7 |  7.0
Stealth        | 5 6 |  6.7
Conjurations   | 8 |  8.4

Action                     |  1- 3 |  4- 6 |  7- 9 | 10-12 || total
---------------------------+-------+-------+-------+-------++-------
  Melee: Dagger            |     1 |     4 |    20 |       ||    25
         Staff             |     2 |       |       |       ||     2
         Punch             |       |     1 |       |       ||     1
         Bite              |       |       |     1 |       ||     1
   Cast: Magic Dart        |    68 |     9 |    56 |       ||   133
         Searing Ray       |     1 |    10 |    50 |     3 ||    64
         Iskenderun's Myst |       |       |    13 |     2 ||    15
         Fulminant Prism   |       |       |     1 |     7 ||     8
 Invoke: Channel Magic     |       |       |       |     1 ||     1
    Use: Potion            |       |       |     1 |       ||     1
   Stab: Sleeping          |     2 |       |     5 |       ||     7
 Armour: Robe              |     4 |    15 |    63 |     4 ||    86
  Dodge: Dodged            |     3 |    12 |    64 |     4 ||    83

Table legend: (Time is in decaauts)
 A = Elapsed time spent in this place.
 B = Non-inter-level travel time spent in this place.
 C = Inter-level travel time spent in this place.
 D = Time resting spent in this place.
 E = Time spent auto-exploring this place.
 F = Levels seen in this place.
 G = Mean time per level.
                   A        B        C        D        E       F      G
               +--------+--------+--------+--------+--------+-----+--------+
         Total |   8274 |   8073 |    201 |    840 |   6358 |   9 |  919.3 |
       Dungeon |   8246 |   8057 |    189 |    840 |   6358 |   8 | 1030.8 |
        Temple |     27 |     15 |     12 |      0 |      0 |   1 |   27.0 |
               +--------+--------+--------+--------+--------+-----+--------+

Top non-repeatable levels by time:
     D:4: 1936 daAuts
     D:6: 1455 daAuts
     D:3: 1246 daAuts
     D:5: 1183 daAuts
     D:1: 901 daAuts
     D:7: 751 daAuts
     D:2: 712 daAuts
     D:8: 59 daAuts
  Temple: 27 daAuts
